 Dungeon Crawl Stone Soup version 0.20.1-1-g8b1a95d (webtiles) character file.

129 dohliylev the Sneak (level 4, -1/33 HPs)
             Began as a Vampire Assassin on July 8, 2017.
             Slain by a sky beast (5 damage)
             ... on level 4 of the Dungeon.
             The game lasted 00:07:20 (1683 turns).

dohliylev the Sneak (Vampire Assassin)              Turns: 1683, Time: 00:07:20

Health: -1/33      AC:  3    Str: 10    XL:     4   Next: 88%
Magic:  4/4        EV: 14    Int: 13    God:
Gold:   34         SH:  0    Dex: 16    Spells: 3/3 levels left

rFire    . . .     SeeInvis +   v - +0 dagger (venom)
rCold    . . .     Gourm    .   (no shield)
rNeg     . . .     Faith    .   c - +0 robe
rPois    .         Spirit   .   (no helmet)
rElec    .         Reflect  .   d - +0 cloak
rCorr    .         Harm     .   (no gloves)
MR       .....                  (no boots)
Stlth    ++++......             (no amulet)
Regen    0.4/turn               q - +2 ring of evasion
MPRegen  0.1/turn               (no ring)

@: regenerating quickly
A: fangs 3, see invisible, unbreathing
a: no special abilities


You were on level 4 of the Dungeon.
You were full.

You visited 1 branch of the dungeon, and saw 4 of its levels.

You collected 174 gold pieces.
You spent 140 gold pieces at shops.

Inventory:

Hand Weapons
 a - a +2 dagger
 b - a +0 blowgun
 v - a +0 dagger of venom (weapon)
Missiles
 e - 25 poisoned needles
 f - 2 curare-tipped needles
Armour
 c - a +0 robe (worn)
 d - a +0 cloak (worn)
Jewellery
 q - a +2 ring of evasion (left hand)
Scrolls
 j - 4 scrolls of identify {unknown}
 l - a scroll of enchant armour {unknown}
 m - 2 scrolls of immolation {unknown}
 n - a scroll of fog {unknown}
 o - 2 scrolls of enchant weapon {unknown}
 r - a scroll of remove curse {unknown}
 u - a scroll of recharging {unknown}
Potions
 g - 4 potions of blood
 h - 2 potions of magic {unknown}
 i - a potion of invisibility {unknown}
 k - a potion of curing {unknown}
 p - a potion of haste {unknown}
 s - a potion of heal wounds {unknown}
 t - a potion of flight {unknown}
 w - a potion of brilliance {unknown}


   Skills:
 + Level 2.2 Fighting
 + Level 3.5 Short Blades
 + Level 1.7 Throwing
 + Level 1.5 Dodging
 + Level 7.9 Stealth


You had 3 spell levels left.
You didn't know any spells.

Dungeon Overview and Level Annotations

Branches:
Dungeon (4/15)
 Temple: D:4-7

Altars:
Nemelex Xobeh

Shops:
D:4 (

Annotations:
D:3 PeterMcNeter's ghost, amateur OpTm


Innate Abilities, Weirdness & Mutations

Your natural rate of healing is unusually fast.
You have razor-sharp teeth.
You have supernaturally acute eyesight. (SInv)
You can survive without breathing.


Message History

The sky beast flickers out of sight for a moment.
The sky beast closely misses you.
You hit the sky beast but do no damage. You bite the sky beast.
The sky beast is lightly wounded.
You hit the sky beast.
The sky beast is poisoned.
The sky beast is lightly wounded.
The sky beast hits you. The sky beast shocks you.
You closely miss the sky beast.
The sky beast is lightly wounded.
The sky beast closely misses you.
You closely miss the sky beast.
The sky beast is lightly wounded.
The sky beast hits you. The sky beast shocks you.
* * * LOW HITPOINT WARNING * * *
You hit the sky beast.
The sky beast is moderately wounded.
The sky beast hits you.
* * * LOW HITPOINT WARNING * * *
The sky beast shocks you.
You die...

#.###.# #.# #.# #... #.#
#.# # #... #.# #.# .#
#... #.###%##.# #..#
#........# #..#
#####..### #..#######.##
# ##.# #..##........ #
#.## #....@Y$..... #
#..# #.###........
#######.# #.# #........
....# #.## #.# #........
....# #..# #.# #........
....# ##.# #.# #........
....# #.# #.# #........
##### #.###.# #########
########..##.###........


You could see a sky beast (invisible).

Vanquished Creatures
  An orc wizard (D:4)
  A worker ant (D:4)
  An adder (D:2)
  3 oozes
  A worm (D:2)
  A leopard gecko (D:4)
  3 orcs
  5 bats
  A giant cockroach (D:1)
  8 goblins
  2 hobgoblins (D:2)
  5 jackals (D:2)
  A quokka (D:2)
  3 frilled lizards
  6 kobolds
  6 rats
48 creatures vanquished.

Notes
Turn   | Place    | Note
-------+----------+-------------------------------------------
     0 | D:1      | dohliylev the Vampire Assassin began the quest for the Orb.
     0 | D:1      | Reached XP level 1. HP: 16/16 MP: 1/1
    18 | D:1      | Reached skill level 6 in Stealth
   125 | D:1      | Reached XP level 2. HP: 20/22 MP: 2/2
   604 | D:2      | Reached skill level 7 in Stealth
   604 | D:2      | Reached XP level 3. HP: 27/27 MP: 3/3
   606 | D:2      | Found a sparkling altar of Nemelex Xobeh.
   648 | D:2      | You fall through a shaft!
  1143 | D:3      | Noticed PeterMcNeter's ghost (amateur OpTm)
  1335 | D:4      | Reached XP level 4. HP: 33/33 MP: 4/4
  1463 | D:4      | Found Ohonwut's Antique Weapon Boutique.
  1471 | D:4      | Bought a glowing dagger for 140 gold pieces
  1672 | D:4      | Noticed a sky beast
  1683 | D:4      | Slain by a sky beast

Skill      XL: |  1  2  3 |
---------------+----------+-----
Stealth        | 6 7 |  7.9
Fighting       | 2 |  2.2
Short Blades   | 3 |  3.5
Throwing       | |  1.7
Dodging        | |  1.5

Action                   |  1- 3 |  4- 6 || total
-------------------------+-------+-------++-------
Melee: Dagger            |   112 |    21 ||   133
       Bite              |     4 |     4 ||     8
 Fire: Blowgun           |     2 |       ||     2
 Stab: Sleeping          |    15 |     1 ||    16
  Eat: Corpse            |     9 |       ||     9
Armor: Robe              |    28 |       ||    28
Dodge: Dodged            |    65 |    12 ||    77
